[Event "*** SCC Grand Prix: Titled Tuesday Blitz"]
[Site "Chess.com"]
[Date "2020.10.13"]
[Round "7"]
[White "karenzadita"]
[Black "shnitez"]
[Result "1-0"]
[WhiteElo "2351"]
[BlackElo "2496"]
[TimeControl "180+1"]
[EndTime "11:16:29 PDT"]
[Termination "karenzadita won on time"]

1. e4 c5 2. c3 Nf6 3. e5 Nd5 4. d4 cxd4 5. Nf3 e6 6. cxd4 d6 7. Bc4 Nc6 8. O-O Be7 9. Qe2 O-O 10. Rd1 a6 11. Nc3 Nxc3 12. bxc3 b5 13. Bd3 Bb7 14. Qe4 g6 15. Bh6 Re8 16. Qf4 Qd7 17. Ng5 Bd8 18.
Ne4 f5 19. Nxd6 Re7 20. c4 bxc4 21. Bxc4 Nb4 22. Bg5 Nd5 23. Bxd5 Bxd5 24. Bxe7 Bxe7 25. Rab1 Rd8 26. Rb6 a5 27. a3 Qa4 28. Rdb1 Qxa3 29. h4 1-0

[Event "*** SCC Grand Prix: Titled Tuesday Blitz"]
[Site "Chess.com"]
[Date "2020.10.13"]
[Round "7"]
[White "Sesleria"]
[Black "poppy73"]
[Result "0-1"]
[WhiteElo "2029"]
[BlackElo "2234"]
[TimeControl "180+1"]
[EndTime "11:16:30 PDT"]
[Termination "poppy73 won by resignation"]

1. d4 Nf6 2. c4 g6 3. Nc3 Bg7 4. e4 d6 5. Nf3 O-O 6. Be2 e5 7.
d5 a5 8. Bg5 h6 9. Bh4 Na6 10.
Nd2 Qe8 11. O-O Nd7 12. a3 f5 13. f3 g5 14. Bf2 f4 15. Nb5 Nf6 16. b4 h5 17. c5 dxc5 18. bxc5 g4 19. d6 cxd6 20.
Nxd6 Qg6 21. Nxc8 Raxc8 22. Qb3+ Kh8 23. Rac1 g3 24. hxg3 fxg3 25. Be3 Bh6 26. f4 exf4 27. Bxf4 Nxc5 28. Qb2 Bg7 29. e5 Nd5 30. Nc4 Nxf4 31.
Bf3 Ncd3 32. Qxb7 Nxc1 33. Rxc1 Qf7 34. Qe4 Rc7 35. Re1 Rxc4 36. Qxc4 Qxc4 0-1

[Event "*** SCC Grand Prix: Titled Tuesday Blitz"]
[Site "Chess.com"]
[Date "2020.10.13"]
[Round "7"]
[White "mr_gustavo"]
[Black "barriochess"]
[Result "1-0"]
[WhiteElo "2412"]
[BlackElo "2266"]
[TimeControl "180+1"]
[EndTime "11:16:31 PDT"]
[Termination "mr_gustavo won by resignation"]

1. Nf3 d5 2. d4 e6 3. c4 c5 4. cxd5 exd5 5. Nc3 Nc6 6. dxc5 d4 7.
Na4 Bxc5 8. Nxc5 Qa5+ 9. Bd2 Qxc5 10. Rc1 Qb6 11. e3 dxe3 12. Bxe3 Qb4+ 13. Qd2 Qxd2+ 14. Bxd2 Nge7 15. Be2 O-O 16. O-O Be6 17. b3 h6 18.
Bc3 Rfd8 19. Rfd1 Nd5 20. Bb2 Nf4 21. Bf1 Bg4 22. h3 Nxh3+ 23. gxh3 Bxf3 24. Rxd8+ Rxd8 25. Rc3 Rd2 26. Rxf3 Rxb2 27. Rf5 Rxa2 28. Bc4 Nd8 29. Rd5 Ne6 30. Rd7 b6 31. f4 Ra1+ 32. Kf2 Nxf4 33. Rxf7 Nxh3+ 34. Kg3 Rc1 35. Rxa7+ Rxc4 36. bxc4 Ng5 37. Kf4 Nf7 38. Ra8+ Kh7 39. Ke4 h5 40. Rb8 Nd6+ 41. Kd5 Nf5 42. Rxb6 h4 43. c5 h3 44. Rb1 Ng3 45. c6 g5 46. c7 Nf5 47. Ke6 Ng7+ 48. Kd7 1-0

[Event "*** SCC Grand Prix: Titled Tuesday Blitz"]
[Site "Chess.com"]
[Date "2020.10.13"]
[Round "7"]
[White "INLOVEWITHF"]
[Black "MarceloPlaya"]
[Result "1-0"]
[WhiteElo "2524"]
[BlackElo "2270"]
[TimeControl "180+1"]
[EndTime "11:16:31 PDT"]
[Termination "INLOVEWITHF won on time"]

1. e4 e6 2. d4 d5 3. Nc3 Bb4 4. e5 c5 5. a3 Bxc3+ 6. bxc3 Ne7 7. h4 Qa5 8. Bd2 Nbc6 9. c4 Qc7 10. Nf3 cxd4 11. Bf4 Ng6 12. Bg3 Ngxe5 13. Nxe5 Nxe5 14. Qxd4 Qa5+ 15. c3 f6 16. Bxe5 fxe5 17. Qxe5 O-O 18. Bd3 Bd7 19. Rh3 Rf6 20. Rg3 Raf8 21.
f3 Qb6 22. O-O-O Qb3 23. cxd5 exd5 24. Bc2 Qxa3+ 25. Kd2 Bf5 26. Bxf5 Qc5 27. Bd3 Qf2+ 28. Be2 R6f7 29. Rg4 a5 30. Qd4 Qxd4+ 31. cxd4 b5 32.
Rb1 Rb7 33. Rxb5 1-0

[Event "*** SCC Grand Prix: Titled Tuesday Blitz"]
[Site "Chess.com"]
[Date "2020.10.13"]
[Round "7"]
[White "catzapto"]
[Black "CM_rui"]
[Result "0-1"]
[WhiteElo "2152"]
[BlackElo "2331"]
[TimeControl "180+1"]
[EndTime "11:16:32 PDT"]
[Termination "CM_rui won on time"]

1. e4 e5 2. Nf3 Nc6 3. d4 exd4 4. Bc4 Nf6 5. e5 d5 6. Bb5 Ne4 7. Nxd4 Bd7 8. Bxc6 bxc6 9. O-O Bc5 10. Be3 O-O 11.
f3 Ng5 12. f4 Ne6 13. c3 Re8 14. f5 Nf8 15. e6 fxe6 16. fxe6 Nxe6 17. Qh5 Nxd4 18. Qf7+ Kh8 19. Bxd4 Bxd4+ 20. cxd4 Be6 21. Qh5 Qd6 22. Nc3 Qb4 23. Rf2 Qxd4 24. Ne2 Qxb2 25. Raf1 Qb6 26. Kh1 Rab8 27. Nf4 Qxf2 28. Qxe8+ Rxe8 29. Rxf2 Bg4 30. h3 Bd7 31. Kh2 g6 32. g4 Kg7 33. Nd3 Re3 34. Nc5 Bc8 35. Rc2 d4 36. Na4 d3 37. Rxc6 d2 38. Rxc7+ Kh6 39. g5+ Kh5 40.
Rxh7+ Kxg5 41. h4+ Kg4 0-1

[Event "*** SCC Grand Prix: Titled Tuesday Blitz"]
[Site "Chess.com"]
[Date "2020.10.13"]
[Round "7"]
[White "VladaSviridova"]
[Black "alejanchess73"]
[Result "1-0"]
[WhiteElo "2258"]
[BlackElo "2373"]
[TimeControl "180+1"]
[EndTime "11:16:34 PDT"]
[Termination "VladaSviridova won by resignation"]

1. d4 d5 2. c4 c6 3. Nf3 Nf6 4. Nc3 g6 5. e3 Bg7 6. Bd3 O-O 7. O-O dxc4 8. Bxc4 b5 9. Bd3 a6 10. b3 Nbd7 11. Bb2 Bb7 12. Ne4 Nxe4 13. Bxe4 Nf6 14. Bd3 Rc8 15. Rc1 Nd7 16. b4 a5 17. a3 axb4 18. axb4 Nb6 19. Bc3 Ra8 20. Ra1 Na4 21.
Qb3 Qd6 22. Bd2 Nb6 23. h3 Rfd8 24.
Ng5 e6 25. Ne4 Qd5 26. Qxd5 exd5 27. Nc5 Bc8 28. Rxa8 Nxa8 29. Ra1 Nb6 30. Ra7 Bf8 31. Rc7 Bxc5 32. dxc5 Nc4 33. Bc3 Bf5 34. Bxf5 gxf5 35. Rxc6 f4 36. Bd4 fxe3 37. fxe3 Ra8 38. Kf2 f5 39. Kf3 Ra4 40. Rc8+ Kf7 41. c6 Nd6 42. Rh8 Ke6 43. c7 Kd7 44. Be5 Nc8 45. Rd8+ 1-0

[Event "*** SCC Grand Prix: Titled Tuesday Blitz"]
[Site "Chess.com"]
[Date "2020.10.13"]
[Round "7"]
[White "keepitcool9499"]
[Black "Superfelix"]
[Result "1-0"]
[WhiteElo "2638"]
[BlackElo "2482"]
[TimeControl "180+1"]
[EndTime "11:16:36 PDT"]
[Termination "keepitcool9499 won by checkmate"]

1. d4 g6 2. c4 Bg7 3. Nc3 d6 4. e4 Nc6 5. Nge2 e5 6. Be3 exd4 7. Nxd4 Nge7 8. Qd2 O-O 9. f3 f5 10. O-O-O fxe4 11. Nxe4 Nf5 12. Nxf5 Bxf5 13. Bd3 Ne5 14. Bb1 Qd7 15. b3 a5 16. h4 a4 17. h5 axb3 18.
axb3 Ra1 19. Bd4 Rfa8 20. hxg6 hxg6 21. Bxa1 Rxa1 22. Qd5+ Kf8 23. Rh4 Nc6 24. Rdh1 Qf7 25. Rh8+ Bxh8 26. Rxh8+ Ke7 27. Qxf7+ Kxf7 28. Rh7+ Ke6 29.
Kb2 Ra7 30. Rxc7 Nd4 31. g4 Nxf3 32. gxf5+ gxf5 33. Nc3 Nd4 34. Nd5 Nc6 35. b4 Ne5 36. Re7# 1-0

[Event "*** SCC Grand Prix: Titled Tuesday Blitz"]
[Site "Chess.com"]
[Date "2020.10.13"]
[Round "7"]
[White "alexrustemov"]
[Black "Snegokhod"]
[Result "0-1"]
[WhiteElo "2667"]
[BlackElo "2433"]
[TimeControl "180+1"]
[EndTime "11:16:37 PDT"]
[Termination "Snegokhod won by checkmate"]

1. c4 Nf6 2. Nc3 d5 3. cxd5 Nxd5 4. Nf3 g6 5. e4 Nxc3 6. dxc3 Qxd1+ 7. Kxd1 f6 8. Kc2 e5 9. Be3 Be6 10. Nd2 Nd7 11.
Bc4 Kf7 12. Bxe6+ Kxe6 13. Nb3 Bd6 14. f3 f5 15. Rhe1 f4 16. Bf2 g5 17. h3 h5 18. Rh1 Nf6 19. Nc1 g4 20. Bh4 gxf3 21.
gxf3 Rag8 22. Nd3 Rg2+ 23. Kb3 Rhg8 24. Raf1 Nd7 25. Ne1 Nc5+ 26. Ka3 Nxe4+ 27. b4 Nxc3 28. Nxg2 Rxg2 29. Rf2 Rxf2 30. Bxf2 a5 31. Kb3 axb4 32.
Rg1 e4 33. Rg5 exf3 34. Rxh5 Ne4 35. Rh6+ Kf5 36. Bg1 f2 37. Bxf2 Nxf2 38. h4 Ng4 39.
Rh5+ Ke4 40. Rg5 Ne3 41. h5 f3 42. h6 f2 43. h7 f1=Q 44. h8=Q Qd1+ 45. Kb2 Qc2+ 46. Ka1 Qc1# 0-1

[Event "*** SCC Grand Prix: Titled Tuesday Blitz"]
[Site "Chess.com"]
[Date "2020.10.13"]
[Round "7"]
[White "pfalcon1949"]
[Black "picturesquecheck"]
[Result "0-1"]
[WhiteElo "1943"]
[BlackElo "2217"]
[TimeControl "180+1"]
[EndTime "11:16:37 PDT"]
[Termination "picturesquecheck won by checkmate"]

1. c4 c5 2. Nc3 Nc6 3. g3 g6 4. Bg2 Bg7 5. e4 d6 6. Nge2 Nf6 7. O-O O-O 8. d3 Bg4 9. h3 Bd7 10. Be3 e6 11. d4 cxd4 12. Nxd4 a6 13. Qd2 Nxd4 14.
Bxd4 Bc6 15. Rad1 Ne8 16. Bxg7 Kxg7 17. h4 h5 18. e5 Bxg2 19. Kxg2 Qc7 20. exd6 Qxc4 21.
Qd4+ Qxd4 22. Rxd4 Rd8 23. Rfd1 e5 24. Rd5 f6 25.
Ne4 b6 26. d7 Nc7 27. Rd6 Rf7 28. a4 b5 29. b3 Re7 30. f3 Ne6 31. Rxa6 bxa4 32.
bxa4 f5 33. Nc3 Nd4 34. Nd5 Rexd7 35. Ne3 f4 36. Nc4 Nf5 37. Rxd7+ Rxd7 38. Nxe5 Rd2+ 39.
Kh3 fxg3 40. Rxg6+ Kh7 41. Rg5 Rh2# 0-1

[Event "*** SCC Grand Prix: Titled Tuesday Blitz"]
[Site "Chess.com"]
[Date "2020.10.13"]
[Round "7"]
[White "maxip32"]
[Black "wannabe2700"]
[Result "0-1"]
[WhiteElo "2420"]
[BlackElo "2703"]
[TimeControl "180+1"]
[EndTime "11:16:38 PDT"]
[Termination "wannabe2700 won on time"]

1. e4 d5 2. exd5 Qxd5 3. Nc3 Qe5+ 4. Be2 Bg4 5. d4 Bxe2 6. Ngxe2 Qa5 7. O-O Nf6 8. Bf4 Nc6 9. Qd3 O-O-O 10. Qc4 e6 11. a3 Qf5 12. Bg3 h5 13. h3 g5 14. b4 h4 15. Bh2 Bd6 16. Bxd6 Rxd6 17. b5 Ne7 18. Na4 g4 19. hxg4 Qxg4 20. f3 Qg5 21. Qc5 Qe3+ 22. Rf2 h3 23. gxh3 Rdd8 24. Qe5 Rdg8+ 25. Kf1 Ned5 26.
Ng1 Rh5 27. Qxe3 Nxe3+ 28. Ke2 Nxc2 29. Rd1 Rxb5 30. Nc3 Rb2 0-1

[Event "*** SCC Grand Prix: Titled Tuesday Blitz"]
[Site "Chess.com"]
[Date "2020.10.13"]
[Round "7"]
[White "Tenamu"]
[Black "SabKaD4ddy"]
[Result "1-0"]
[WhiteElo "2387"]
[BlackElo "2504"]
[TimeControl "180+1"]
[EndTime "11:16:38 PDT"]
[Termination "Tenamu won by resignation"]

1. e4 c5 2. Nf3 d6 3. d4 cxd4 4. Nxd4 Nf6 5. Nc3 a6 6. f3 e5 7. Nb3 Be7 8. Be3 Be6 9. g4 O-O 10. h4 d5 11. g5 Nxe4 12. fxe4 d4 13. Nxd4 exd4 14. Qxd4 Nc6 15. Qxd8 Rfxd8 16. Rd1 Bb4 17. a3 Ba5 18. b4 Bc7 19. Be2 Bg3+ 20. Bf2 Be5 21. Nd5 Bxd5 22. exd5 Bc3+ 23. Kf1 Ne5 24. Kg2 Ng6 25. Bg3 Be5 26. h5 Nf4+ 27. Bxf4 Bxf4 28. g6 b5 29. gxf7+ Kf8 30. c4 bxc4 31. Bxc4 Rac8 32.
Bxa6 Rc2+ 33. Kf3 Bg5 34. Kg4 h6 35. Rhf1 Rc3 36. Rf3 Rc2 37. d6 Bd2 38. Rd3 Bg5 39. Bb7 Kxf7 40. Bd5+ Kf8 41. Rf3+ Bf6 42. Bb3 Rg2+ 43.
Kh3 Rg5 44. a4 Rxh5+ 45. Kg2 Rh4 46. b5 Re8 47. d7 Rd8 48. a5 Rb4 49. b6 Rb5 50.
Rd5 Rxd5 51. Bxd5 Rxd7 52. b7 1-0

[Event "*** SCC Grand Prix: Titled Tuesday Blitz"]
[Site "Chess.com"]
[Date "2020.10.13"]
[Round "7"]
[White "BikingBrian"]
[Black "ajdemipopushi"]
[Result "1-0"]
[WhiteElo "2226"]
[BlackElo "2331"]
[TimeControl "180+1"]
[EndTime "11:16:38 PDT"]
[Termination "BikingBrian won on time"]

1. d4 Nf6 2. Bg5 c5 3. Nc3 d5 4. Bxf6 gxf6 5. e3 Nc6 6. dxc5 e6 7. Na4 Bxc5 8. Nxc5 Qa5+ 9. c3 Qxc5 10. Qh5 Ke7 11. Nf3 Bd7 12. Be2 Rag8 13. O-O e5 14.
Nd2 Rg5 15. Qh4 Rhg8 16. g3 Be6 17. Nb3 Qb6 18. c4 dxc4 19. Nd2 Qxb2 20. Rab1 Qxd2 21.
Rxb7+ Kf8 22. Bxc4 Qd6 23. Bxe6 Qxe6 24. Qa4 h5 25.
Rc1 Ne7 26. Rcc7 Nf5 27. Rb8+ Kg7 28. Rxg8+ Kxg8 29. Qxa7 h4 30. Qb8+ 1-0

[Event "*** SCC Grand Prix: Titled Tuesday Blitz"]
[Site "Chess.com"]
[Date "2020.10.13"]
[Round "7"]
[White "RobertoJBM"]
[Black "Iskusnyh"]
[Result "1-0"]
[WhiteElo "2715"]
[BlackElo "2571"]
[TimeControl "180+1"]
[EndTime "11:16:39 PDT"]
[Termination "RobertoJBM won on time"]

1. d4 d5 2. e3 Nf6 3. Nf3 c5 4.
c3 Nbd7 5. Nbd2 g6 6. b4 cxb4 7. cxb4 Bg7 8. Bb2 O-O 9. Be2 Nb6 10. O-O Bf5 11. Rc1 Rc8 12. Qb3 Ne4 13. Nxe4 Bxe4 14. Nd2 Bf5 15. a4 Qd6 16. b5 Rxc1 17. Rxc1 Rc8 18.
Rxc8+ Nxc8 19. h3 h5 20. Bf3 Be6 21. Qc2 Nb6 22. a5 Nc4 23. Nxc4 dxc4 24. Bxb7 Qb4 25. Bc6 Qxa5 26. Bc3 Qa3 27. Qd2 Qb3 28. Kh2 h4 29. Bb4 Bf6 30. Qc3 Qa2 31. Qd2 Qb3 32. Bc3 g5 33. Qb2 Qa4 34. d5 Bxc3 35. Qxc3 Bf5 36. b6 Qa6 37. b7 Qb6 38. Qe5 1-0

[Event "*** SCC Grand Prix: Titled Tuesday Blitz"]
[Site "Chess.com"]
[Date "2020.10.13"]
[Round "7"]
[White "TrimitziosP7"]
[Black "Nikolakis2014"]
[Result "0-1"]
[WhiteElo "2827"]
[BlackElo "2751"]
[TimeControl "180+1"]
[EndTime "11:16:40 PDT"]
[Termination "Nikolakis2014 won by checkmate"]

1. Nf3 Nf6 2. b3 c5 3. Bb2 Nc6 4. g3 d5 5. Bg2 g6 6. O-O Bg7 7. c4 d4 8. e3 O-O 9. exd4 cxd4 10. Re1 Nd7 11. a3 a5 12. d3 e5 13. Qc2 Nc5 14. Nfd2 Bf5 15. Ne4 Bxe4 16. Bxe4 Nxe4 17. Rxe4 f5 18.
Re1 e4 19. Nd2 e3 20. Nf3 f4 21. Rf1 Qd7 22. Rae1 Rae8 23. fxe3 dxe3 24. Bxg7 Qxg7 25.
Qe2 g5 26. gxf4 Rxf4 27. Kh1 h6 28. Qg2 Qf6 29. Nd2 exd2 30. Rxe8+ Kf7 31. Rd1 Kxe8 32.
Qxd2 Rf1+ 33. Kg2 Qf3# 0-1

[Event "*** SCC Grand Prix: Titled Tuesday Blitz"]
[Site "Chess.com"]
[Date "2020.10.13"]
[Round "7"]
[White "SergeyKarjakin"]
[Black "iwanyu"]
[Result "1-0"]
[WhiteElo "2908"]
[BlackElo "2811"]
[TimeControl "180+1"]
[EndTime "11:16:41 PDT"]
[Termination "SergeyKarjakin won by resignation"]

1. d4 Nf6 2. Bg5 c5 3. d5 d6 4. Nc3 g6 5. e4 Bg7 6. Nf3 O-O 7. a4 Na6 8. Be2 Nc7 9. O-O Nd7 10. Qd2 Rb8 11.
Rfe1 b6 12. Nb5 a6 13. Nxc7 Qxc7 14. c3 b5 15. axb5 axb5 16. h4 Nf6 17. Bf1 Bg4 18. Qf4 Bxf3 19. Qxf3 Nd7 20. h5 b4 21. h6 Bh8 22. Qh3 Nf6 23. Ra2 bxc3 24. bxc3 Ra8 25. Rxa8 Rxa8 26. Bb5 Qa5 27. Bc6 Rb8 28. Re3 Rb1+ 29.
Kh2 Qc7 30. g3 Rb2 31. Kg2 c4 32. Re1 Rb3 33. Ra1 Nxe4 34. Ra8+ Rb8 35. Qd7 Rxa8 36. Qxc7 Rf8 37. Bxe7 1-0

[Event "*** SCC Grand Prix: Titled Tuesday Blitz"]
[Site "Chess.com"]
[Date "2020.10.13"]
[Round "7"]
[White "Mazetovic"]
[Black "Ural_bogatyr"]
[Result "1-0"]
[WhiteElo "2628"]
[BlackElo "2406"]
[TimeControl "180+1"]
[EndTime "11:16:42 PDT"]
[Termination "Mazetovic won by resignation"]

1. d4 Nf6 2. Nf3 d5 3. Bf4 c5 4. e3 Nc6 5. Nbd2 e6 6. c3 Be7 7. Bb5 O-O 8. O-O a6 9. Bxc6 bxc6 10. Qa4 Bb7 11. h3 Nd7 12. Nb3 cxd4 13. cxd4 c5 14. Na5 Qc8 15. Rfc1 c4 16. Ne5 Nb6 17. Qd1 f6 18. Nf3 Bb4 19. Nb3 Bc6 20. Nc5 Bxc5 21. dxc5 e5 22. cxb6 exf4 23. exf4 Qb7 24. Nd4 Qxb6 25.
b3 Rad8 26. Rab1 Bb5 27. a4 Bd7 28. bxc4 Qc5 29. Nb3 Qd6 30. c5 Qe6 31. Nd4 Qf7 32.
c6 Bc8 33. Rb8 Qc7 34. Rcb1 Rde8 35. Qd2 Re4 36. g3 Rfe8 37. Kh2 Qa7 38. R1b6 Qc7 39. a5 Qd6 40. Qc3 f5 41. c7 Qf6 1-0

[Event "*** SCC Grand Prix: Titled Tuesday Blitz"]
[Site "Chess.com"]
[Date "2020.10.13"]
[Round "7"]
[White "annacramling"]
[Black "Jumbo"]
[Result "0-1"]
[WhiteElo "2007"]
[BlackElo "2751"]
[TimeControl "180+1"]
[EndTime "11:16:42 PDT"]
[Termination "Jumbo won by resignation"]

1. d4 d6 2. Nf3 g6 3. c4 Bg7 4. h3 Nd7 5. e4 e5 6. d5 Ne7 7.
Nc3 f5 8. exf5 gxf5 9. Ng5 Nf6 10. g4 O-O 11. Ne6 Bxe6 12. dxe6 c6 13. Rg1 d5 14.
gxf5 Nxf5 15. Bd3 e4 16. Be2 d4 17. Bg4 dxc3 18. Bxf5 cxb2 19. Bxb2 Qa5+ 20. Kf1 Qxf5 21.
Qd7 Qxf2+ 22. Kxf2 Nxd7+ 23. Ke2 Nf6 24. Raf1 Kh8 25.
e7 Rf7 26. Bxf6 Rxf6 27. Rxf6 Bxf6 28. Rf1 Bxe7 29. Rf7 Re8 30. Ke3 Kg8 31. Rf4 Bg5 0-1

[Event "*** SCC Grand Prix: Titled Tuesday Blitz"]
[Site "Chess.com"]
[Date "2020.10.13"]
[Round "7"]
[White "MikeSailer"]
[Black "norwaytoadog"]
[Result "0-1"]
[WhiteElo "2106"]
[BlackElo "2315"]
[TimeControl "180+1"]
[EndTime "11:16:42 PDT"]
[Termination "norwaytoadog won by checkmate"]

1. d4 d5 2. Bf4 Nf6 3. e3 e6 4. Nf3 c5 5. Nc3 a6 6. Be2 cxd4 7. exd4 Bb4 8. O-O Nc6 9. Na4 O-O 10. a3 Be7 11.
Nc5 Bxc5 12. dxc5 Ne4 13. b4 f6 14. Bd3 e5 15. Bc1 Bg4 16. Bxe4 dxe4 17. Qxd8 Rfxd8 18. Nd2 Nd4 19. Nxe4 Be2 20. c3 Nc2 21. Ra2 Bxf1 22.
Kxf1 Rd1+ 23. Ke2 Rxc1 24. Kd2 Rg1 25. Kxc2 Rxg2 26. Kb3 f5 27. Nd6 Rb8 28. Nxf5 Kf7 29. Kc4 Ke6 30. Ne3 b5+ 31. cxb6 Rxh2 32. Kc5 Rc8# 0-1

[Event "*** SCC Grand Prix: Titled Tuesday Blitz"]
[Site "Chess.com"]
[Date "2020.10.13"]
[Round "7"]
[White "midedu"]
[Black "Alexandercs432"]
[Result "1-0"]
[WhiteElo "2102"]
[BlackElo "2131"]
[TimeControl "180+1"]
[EndTime "11:16:44 PDT"]
[Termination "midedu won on time"]

1. e4 e5 2. Nf3 Nf6 3. Nxe5 d6 4. Nf3 Nxe4 5. d4 d5 6. Bd3 Nc6 7. O-O Be7 8. c4 Nb4 9. Bxe4 dxe4 10. Ne1 O-O 11.
a3 Nc6 12. Be3 Bf5 13. Nc3 Re8 14. b4 Bf6 15. Nc2 h6 16. Qd2 Qe7 17. Rad1 Rad8 18.
Qc1 Bg6 19. Nd5 Rxd5 20. cxd5 Nb8 21. Na1 Rd8 22. Qc4 Qd7 23. Rc1 Rc8 24. Nb3 Qd6 25.
Qc5 Qd8 26. Qxa7 Qxd5 27. Rc3 Nd7 28. Rfc1 c6 29. Qxb7 Ra8 30. Na5 Rb8 31. Qxc6 Nb6 32. Qxd5 Nxd5 33. Rc8+ Rxc8 34. Rxc8+ Kh7 35. Rc5 Nb6 36.
Nc4 Na4 37. Ra5 Nc3 38. b5 Bf5 39. b6 Bc8 40. Nd6 Ne2+ 41. Kf1 Be6 42. Kxe2 1-0

[Event "*** SCC Grand Prix: Titled Tuesday Blitz"]
[Site "Chess.com"]
[Date "2020.10.13"]
[Round "7"]
[White "GelmanAlexander"]
[Black "TorFredrikKaasen"]
[Result "1-0"]
[WhiteElo "2589"]
[BlackElo "2707"]
[TimeControl "180+1"]
[EndTime "11:16:46 PDT"]
[Termination "GelmanAlexander won by resignation"]

1. d4 Nf6 2. Nc3 d5 3. Bf4 a6 4. e3 c5 5. Nf3 Nc6 6. Ne5 e6 7.
g4 cxd4 8. exd4 Bb4 9. Bg2 O-O 10. O-O Nxe5 11. dxe5 Nd7 12. Ne2 b6 13. Nd4 Bb7 14. c3 Be7 15. Bg3 Bh4 16. f4 Bxg3 17. hxg3 b5 18. g5 Rc8 19. a3 Qb6 20. Kh2 a5 21.
Qd3 Ba6 22. b4 Qc7 23. Rac1 Qc4 24. Qe3 Qa2 25. f5 exf5 26. Nxf5 d4 27. Qxd4 Qe6 28. Bd5 Qxe5 29. Qxe5 Nxe5 30. Ne7+ Kh8 31. Nxc8 Bxc8 32. bxa5 Rd8 33. Rcd1 Bg4 34. Rd4 Rd6 35. Bb7 Nc4 36.
Rxd6 Nxd6 37. a6 Nc8 38. Bxc8 Bxc8 39. a7 1-0

[Event "*** SCC Grand Prix: Titled Tuesday Blitz"]
[Site "Chess.com"]
[Date "2020.10.13"]
[Round "7"]
[White "DonBroca"]
[Black "ural58"]
[Result "0-1"]
[WhiteElo "2209"]
[BlackElo "2339"]
[TimeControl "180+1"]
[EndTime "11:16:46 PDT"]
[Termination "ural58 won on time"]

1. e4 d5 2. exd5 Qxd5 3. c4 Qa5 4. Nc3 e5 5. Nf3 Nc6 6. d4 exd4 7. Nxd4 Bb4 8. Ne2 Bg4 9. f3 Rd8 10. Qb3 Be6 11.
Bd2 Nf6 12. O-O-O O-O 13. a3 Bxc3 14. Nxc3 Qf5 15. Be3 Rxd1+ 16. Qxd1 Na5 17. Bd3 Qe5 18. Bd4 Qg5+ 19. Kb1 Qxg2 20. Rg1 Qxh2 21. Bxf6 g6 22. Rh1 Qf4 23. Bh4 Bxc4 24. Bxc4 Nxc4 25. Ne4 f5 26. Qd5+ Kg7 27. Qxc4 fxe4 28. Be1 exf3 29. Bc3+ Rf6 30. Bxf6+ Qxf6 31. Qxc7+ Kf8 0-1

[Event "*** SCC Grand Prix: Titled Tuesday Blitz"]
[Site "Chess.com"]
[Date "2020.10.13"]
[Round "7"]
[White "Beltsychess"]
[Black "Sanyura"]
[Result "1-0"]
[WhiteElo "2640"]
[BlackElo "2486"]
[TimeControl "180+1"]
[EndTime "11:16:47 PDT"]
[Termination "Beltsychess won on time"]

1. d4 Nf6 2. c4 c5 3. Nf3 cxd4 4.
Nxd4 g6 5. Nc3 Bg7 6. e4 d6 7. Be2 O-O 8. Be3 Nc6 9. O-O Qa5 10. Nb3 Qd8 11. Rc1 Be6 12. c5 Bxb3 13. Qxb3 dxc5 14. Bxc5 Nd4 15. Qc4 Nxe2+ 16. Qxe2 b6 17. Ba3 Re8 18. Rfd1 Qb8 19. Nb5 Qf4 20. g3 Qg5 21. Nc7 Ng4 22.
h4 Qh5 23. Nxa8 Rxa8 24. Bxe7 Re8 25. Rd5 Be5 26. Bd6 Qh6 27. Rcd1 Bxd6 28. Qxg4 Bc5 29. Rd8 Rxd8 30. Rxd8+ Kg7 31. Qe2 Qc1+ 32. Rd1 Qh6 33.
Kg2 Kg8 34. e5 Qf8 35. e6 fxe6 36. Qxe6+ Kh8 37. Qe5+ Kg8 38. Rd2 1-0

[Event "*** SCC Grand Prix: Titled Tuesday Blitz"]
[Site "Chess.com"]
[Date "2020.10.13"]
[Round "7"]
[White "vaishali2001"]
[Black "penguingm1"]
[Result "0-1"]
[WhiteElo "2585"]
[BlackElo "2856"]
[TimeControl "180+1"]
[EndTime "11:16:48 PDT"]
[Termination "penguingm1 won by resignation"]

1. d4 d5 2. Bf4 Nf6 3. e3 e6 4. Nf3 Bd6 5. Bd3 c5 6. c3 O-O 7.
Bg3 Qc7 8. Nbd2 Nbd7 9. Bxd6 Qxd6 10. O-O e5 11. e4 cxd4 12. cxd4 exd4 13. exd5 Qxd5 14.
Nb3 Ne5 15. Nfxd4 b6 16. f4 Bb7 17. Rf2 Nxd3 18. Qxd3 Rfe8 19. Qh3 Rad8 20. Raf1 h5 21. Qg3 Ne4 22. Qf3 Nxf2 23. Qxf2 Re4 24. Nf3 Rxf4 25.
Qg3 Rg4 26. Qh3 Re8 27. Nc1 Qc5+ 28. Kh1 Re6 29. Nd3 Qd5 30. Nf2 Rf4 31. Qxh5 0-1

[Event "*** SCC Grand Prix: Titled Tuesday Blitz"]
[Site "Chess.com"]
[Date "2020.10.13"]
[Round "7"]
[White "AlexTriapishko"]
[Black "Mr_Sinigami"]
[Result "1-0"]
[WhiteElo "2797"]
[BlackElo "2516"]
[TimeControl "180+1"]
[EndTime "11:16:48 PDT"]
[Termination "AlexTriapishko won on time"]

1. Nf3 Nf6 2. c4 g6 3. d4 Bg7 4.
g3 O-O 5. Bg2 d6 6. O-O Nbd7 7.
d5 e5 8. dxe6 fxe6 9. Nc3 Nc5 10. Be3 Nfe4 11. Nxe4 Nxe4 12. Qc2 d5 13. Rfd1 c6 14.
Rac1 Nd6 15. b3 Nf5 16. Bc5 Nd6 17. Bd4 Qe7 18. Bxg7 Qxg7 19. Qc3 Bd7 20. Qe5 Qxe5 21. Nxe5 Be8 22. e4 Nxe4 23. Bxe4 dxe4 24. Rd4 e3 25. f4 g5 26. Re1 gxf4 27. gxf4 Kh8 28. Rxe3 Bg6 29. Nxg6+ hxg6 30. Rxe6 Kg7 31. Re7+ Rf7 32.
Rdd7 Rxe7 33. Rxe7+ Kf6 34. Rxb7 Kf5 35. Rf7+ Ke4 36.
Rf6 c5 37. Kf2 a5 38. Kg3 a4 39. Rxg6 a3 40. Re6+ Kd3 41. f5 Kc2 42. Re2+ Kb1 43. f6 Rf8 44. Rf2 Rxf6 45. Rxf6 Kxa2 46. Rb6 Kb2 47.
b4 cxb4 48. Rxb4+ 1-0

[Event "*** SCC Grand Prix: Titled Tuesday Blitz"]
[Site "Chess.com"]
[Date "2020.10.13"]
[Round "7"]
[White "TST2014"]
[Black "tdf98pantani"]
[Result "0-1"]
[WhiteElo "2535"]
[BlackElo "2719"]
[TimeControl "180+1"]
[EndTime "11:16:49 PDT"]
[Termination "tdf98pantani won by checkmate"]

1. d4 d5 2. c4 e6 3. Nf3 Nf6 4. Nc3 Be7 5. Bf4 O-O 6. e3 Nbd7 7. c5 b6 8. c6 Nb8 9. Bb5 a6 10. Qa4 Ne4 11. Nxe4 dxe4 12. Ne5 f6 13. Nc4 Qd5 14.
Bxc7 Qxb5 15. Qxb5 axb5 16. Nxb6 Ra6 17. Bxb8 Rxb6 18.
c7 Bb4+ 19. Ke2 Ba6 20. a3 Be7 21. b4 Rc8 22. Rac1 Bb7 23. Rc3 Bd5 24. f3 Bc4+ 25. Kf2 f5 26. Rb1 Ra6 27. Rxc4 bxc4 28. b5 Rb6 29.
Ba7 Rb7 30. Bc5 Rcxc7 31. b6 Rxc5 32. dxc5 Bxc5 33. Rc1 Rxb6 34. Rxc4 Rb2+ 35. Kf1 Bxe3 36. fxe4 f4 37. g3 Rf2+ 38. Ke1 f3 39. Rc3 Re2+ 40. Kd1 Rd2+ 41. Ke1 f2+ 42. Kf1 Rd1+ 43. Kg2 f1=Q# 0-1

[Event "*** SCC Grand Prix: Titled Tuesday Blitz"]
[Site "Chess.com"]
[Date "2020.10.13"]
[Round "7"]
[White "Ramu_K_FM_FT"]
[Black "MariaFominykh"]
[Result "1-0"]
[WhiteElo "2120"]
[BlackElo "2295"]
[TimeControl "180+1"]
[EndTime "11:16:49 PDT"]
[Termination "Ramu_K_FM_FT won by resignation"]

1. e4 d6 2. d4 Nf6 3. Nc3 e5 4. dxe5 dxe5 5. Qxd8+ Kxd8 6. f3 Be6 7. Be3 c6 8.
O-O-O+ Kc7 9. g4 Nbd7 10. h4 Bc5 11. Bd2 b5 12. Nge2 Nb6 13. b3 a5 14. g5 Nh5 15.
Bh3 Rhe8 16. Bxe6 Rxe6 17. Kb1 a4 18. Bc1 b4 19. Nxa4 Nxa4 20. bxa4 Rxa4 21. Bb2 g6 22. Rhf1 Re7 23. Rd3 Kb6 24. Rfd1 f6 25. Rd8 Rea7 26. Nc1 Be7 27. Rb8+ Ka6 28. gxf6 Bxf6 29. Nb3 Be7 30. Bxe5 Ra3 31. Bb2 Ra4 32. Rd4 Nf4 33. Rc4 Rc7 34. Be5 Ne6 35. Bxc7 Nxc7 36. Rxc6+ Ka7 37. Rxc7+ Kxb8 38. Rxe7 1-0